Map: Deathaura LE

Players

MeomaikA - Winner!

  • Race: Zerg Zerg
  • League: Grandmaster
  • Spawn Location: 5:00

RiSky

  • Race: Zerg Zerg
  • Spawn Location: 11:00

Event: DreamHack SC2 Masters 2020 Fall

VOD

Have the link to the VOD?

Description

Time

  • Played on: Aug. 27, 2020, 5:29 a.m.
  • Length: 9:29

All games in this series

Show
View Real Time Build Order
Export as new Build Order

MeomaikA Zerg - Winner!

Build Orders: Pool First 

Get SALT Encoding   

  12  0:00  Drone  
  13  0:08  Drone  
  14  0:16  Overlord  
  14  0:23  Drone, Extractor  
  15  0:34  Drone x2  
  17  0:43  Spawning Pool  
  17  0:47  Drone  
  17  1:06  Hatchery  
  17  1:10  Drone  
  17  1:11  Extractor  
  17  1:15  Drone  
  17  1:30  Zergling x4  
  17  1:31  Queen  
  21  1:37  Drone  
  22  1:47  Overlord  
  22  2:05  Drone  
  22  2:06  Queen  
  25  2:10  Drone  
  25  2:11  Metabolic Boost  
  26  2:18  Queen  
  26  2:21  Drone  
  29  2:24  Drone  
  30  2:30  Drone  
  30  2:32  Drone  
  32  2:38  Drone  
  32  2:39  Drone  
  32  2:42  Drone x2  
  36  2:48  Overlord  
  36  2:57  Roach Warren  
  35  3:00  Drone  
  36  3:08  Drone x3  
  39  3:15  Drone x3  
  39  3:16  Drone  
  39  3:18  Zergling x2  
  44  3:27  Overlord  
  44  3:28  Overlord  
  44  3:42  Hatchery  
  44  3:43  Zergling x2  
  44  3:47  Zergling x8  
  48  3:51  Roach x2  
  48  3:52  Drone  
  48  3:55  Drone x2  
  55  3:58  Drone  
  55  3:59  Drone  
  56  4:03  Drone  
  57  4:12  Roach  
  59  4:19  Lair  
  59  4:21  Extractor  
  59  4:22  Extractor, Overlord x2  
  57  4:32  Overlord  
  57  4:33  Drone x2, Overlord  
  59  4:40  Queen  
  59  4:43  Roach, Zergling x6  
  66  4:47  Roach  
  68  4:53  Drone  
  68  4:54  Drone x2  
  68  4:56  Drone  
  68  4:57  Overlord  
  71  5:05  Drone  
  69  5:09  Drone x3  
  74  5:15  Drone  
  74  5:16  Glial Reconstitution  
  74  5:17  Drone  
  74  5:18  Evolution Chamber  
  74  5:19  Drone  
  74  5:21  Roach x3  
  78  5:26  Roach  
  78  5:27  Roach  
  84  5:30  Roach  
  86  5:37  Drone  
  86  5:38  Extractor  
  86  5:39  Extractor  
  86  5:40  Overlord, Spire  
  86  5:41  Drone  
  85  5:43  Drone  
  85  5:44  Drone  
  85  5:48  Drone x2  
  89  5:50  Drone x4  
  89  5:55  Overlord  
  93  5:59  Overlord  
  93  6:00  Extractor, Overlord  
  92  6:05  Drone x2, Overlord  
  92  6:06  Overlord  
  92  6:07  Drone  
  92  6:09  Overlord  
  94  6:16  Drone  
  94  6:17  Overlord  
  94  6:19  Drone x2  
  94  6:20  Overlord  
  94  6:24  Drone  
  94  6:25  Drone x2  
  99  6:26  Drone  
  99  6:29  Roach x2  
  102  6:36  Roach  
  102  6:37  Roach x4  
  102  6:39  Roach  
  114  6:42  Roach  
  114  6:43  Roach  
  114  6:44  Roach  
  118  6:48  Roach  
  118  6:50  Roach  
  118  6:51  Roach  
  124  6:54  Zerg Flyer Weapons Level 1  
  124  6:55  Roach  
  124  6:57  Roach  
  124  6:59  Roach  
  124  7:01  Roach  
  132  7:02  Roach  
  132  7:04  Roach  
  132  7:06  Roach  
  132  7:12  Roach x3  
  132  7:13  Roach  
  132  7:14  Roach  
  142  7:16  Roach  
  142  7:21  Roach x3  
  150  7:23  Roach  
  150  7:26  Roach  
  150  7:27  Roach x2  
  150  7:29  Roach  
  156  7:31  Roach  
  156  7:33  Roach  
  156  7:34  Mutalisk  
  160  7:43  Mutalisk  
  160  7:44  Mutalisk x3  
  158  7:45  Mutalisk  
  164  7:53  Mutalisk x3  
  164  7:59  Roach  
  164  8:00  Roach  
  164  8:01  Roach  
  162  8:10  Mutalisk x2  
  162  8:11  Zergling x2  
  162  8:12  Zergling x10  
  158  8:16  Mutalisk  
  158  8:17  Zergling x4  
  148  8:20  Zergling x4  
  134  8:27  Mutalisk x2  
  134  8:32  Mutalisk  
  134  8:33  Extractor, Hatchery  
  138  8:34  Zergling x8  
  138  8:36  Extractor  
  141  8:41  Spore Crawler  
  141  8:42  Mutalisk x2  
  141  8:46  Mutalisk  
  141  8:48  Zergling x4  
  142  8:57  Mutalisk x2  
  142  9:00  Zergling x2  
  142  9:01  Zergling x10  
  146  9:05  Mutalisk  
Show
View Real Time Build Order
Export as new Build Order

RiSky Zerg 

Build Orders: Hatch First 

Get SALT Encoding   

  12  0:00  Drone  
  13  0:12  Overlord  
  13  0:17  Drone  
  14  0:30  Drone x2  
  16  0:48  Hatchery  
  15  0:52  Drone  
  15  0:55  Drone  
  17  0:58  Drone  
  18  1:10  Extractor  
  17  1:14  Spawning Pool  
  17  1:17  Drone  
  17  1:20  Drone  
  18  1:28  Drone  
  19  1:39  Drone  
  20  1:49  Overlord  
  20  2:00  Queen x2  
  24  2:02  Zergling x4  
  26  2:10  Metabolic Boost  
  26  2:12  Drone x2  
  28  2:21  Zergling x2  
  29  2:23  Drone  
  29  2:28  Spore Crawler  
  29  2:35  Drone, Baneling Nest  
  29  2:36  Drone  
  31  2:47  Overlord  
  31  2:56  Hatchery  
  30  3:01  Drone  
  30  3:03  Zergling x2  
  30  3:05  Drone  
  33  3:07  Drone  
  33  3:13  Drone  
  33  3:14  Drone x3  
  33  3:15  Roach Warren  
  33  3:18  Drone  
  38  3:23  Drone  
  38  3:26  Overlord  
  39  3:28  Zergling x2  
  39  3:29  Zergling x2  
  39  3:32  Zergling x2  
  42  3:38  Drone  
  43  3:44  Drone  
  43  3:45  Drone x2, Evolution Chamber  
  43  3:48  Drone x2  
  46  3:51  Drone  
  46  3:52  Overlord  
  48  4:05  Extractor  
  48  4:06  Lair  
  48  4:07  Roach x3  
  48  4:08  Extractor  
  52  4:14  Roach x3  
  56  4:17  Roach  
  56  4:22  Overlord  
  58  4:29  Roach  
  58  4:31  Drone  
  61  4:32  Overlord  
  61  4:34  Overlord  
  61  4:35  Drone  
  61  4:36  Drone x2  
  63  4:39  Drone  
  63  4:41  Roach  
  63  4:43  Overlord  
  66  4:51  Spine Crawler  
  65  4:55  Zergling x10  
  67  5:00  Zergling x4  
  67  5:04  Zerg Missile Weapons Level 1  
  68  5:07  Overseer  
  68  5:10  Drone x3  
  68  5:12  Glial Reconstitution  
  72  5:16  Drone x2  
  72  5:18  Drone x2  
  72  5:20  Drone  
  77  5:25  Drone  
  77  5:26  Drone x2  
  80  5:28  Drone  
  80  5:30  Drone x2  
  83  5:37  Overlord  
  82  5:43  Roach  
  82  5:44  Roach, Spire  
  82  5:48  Queen  
  84  5:54  Zergling x4  
  84  5:55  Overlord  
  86  5:59  Roach x2  
  86  6:03  Roach x2  
  93  6:14  Roach x3  
  99  6:19  Extractor  
  99  6:20  Drone x2, Extractor x2  
  99  6:25  Overlord  
  97  6:27  Overlord  
  97  6:30  Roach x4  
  104  6:34  Drone  
  104  6:36  Overlord x2  
  105  6:40  Overlord  
  105  6:44  Overlord  
  105  6:49  Overlord  
  105  6:57  Mutalisk x4  
  113  7:04  Mutalisk  
  112  7:10  Mutalisk, Hatchery  
  112  7:14  Drone x8  
  115  7:18  Mutalisk  
  117  7:26  Mutalisk  
  117  7:29  Mutalisk  
  115  7:36  Mutalisk  
  115  7:46  Roach x7  
  129  7:51  Overlord  
  129  7:57  Roach x7  
  139  8:05  Roach x3  
  129  8:11  Mutalisk  
  121  8:19  Mutalisk  
  109  8:25  Drone x6  
  108  8:28  Mutalisk  
  108  8:33  Mutalisk  
  110  8:36  Drone x2  
  110  8:37  Drone  
  113  8:44  Mutalisk x2  
  117  8:48  Mutalisk  
  117  8:50  Hatchery  
  117  8:51  Queen  
  117  8:54  Mutalisk  
  120  9:00  Mutalisk  
  120  9:02  Drone x4  
  116  9:04  Zergling x4  
  116  9:08  Zergling x4  

Tags
 
Add a new tag
Caveats
  • Supply blocks, unpowered buildings, or Contaminate may cause inaccurate times.
  • Supply counts are checked every 10 seconds.